 Dungeon Crawl Stone Soup version 0.22-b1-21-g5cfc168 (webtiles) character file.

636 tyranidshit the Skirmisher (level 7, 0/56 HPs)
             Began as a Demonspawn Abyssal Knight on Aug 2, 2018.
             Was a Believer of Lugonu.
             Slain by an orc warrior
             ... wielding a +2 flail of holy wrath
              (16 damage)
             ... on level 5 of the Dungeon.
             The game lasted 00:09:22 (4032 turns).

tyranidshit the Skirmisher (DsAK)                   Turns: 4032, Time: 00:09:23

Health: 0/56       AC: 13    Str: 14    XL:     7   Next: 25%
Magic:  10/10      EV:  4    Int: 13    God:    Lugonu [**....]
Gold:   325        SH:  0    Dex: 13    Spells: 6/6 levels left

rFire    + . .     SeeInvis .   o - +0 hand axe (chop)
rCold    . . .     Gourm    .   (no shield)
rNeg     . . .     Faith    .   j - +0 plate armour
rPois    +         Spirit   .   (helmet restricted)
rElec    .         Reflect  .   p - +0 cloak
rCorr    .         Harm     .   (no gloves)
MR       .....                  (no boots)
Stlth    ..........             (no amulet)
HPRegen  0.18/turn              k - ring of poison resistance
MPRegen  0.12/turn              r - ring of protection from fire

@: drained
A: antennae 1, claws 2, talons 1, blink, demonic guardian 1
a: Blink, Depart the Abyss, Bend Space, Renounce Religion


You were on level 5 of the Dungeon.
You worshipped Lugonu.
Lugonu was pleased with you.
You were not hungry.

You visited 1 branch of the dungeon, and saw 5 of its levels.
You visited the Abyss 1 time.

You collected 325 gold pieces.

Inventory:

Hand Weapons
 a - a +2 hand axe
 o - a +0 hand axe of chopping (weapon)
Armour
 b - a +0 leather armour
 g - a +0 scale mail
 j - a +0 plate armour (worn)
 p - a +0 cloak (worn)
Jewellery
 k - a ring of poison resistance (left claw)
 n - an uncursed amulet of harm
 r - a ring of protection from fire (right claw)
Scrolls
 d - 3 scrolls of teleportation
 e - 3 scrolls of enchant weapon
 f - 2 scrolls of blinking
 h - 3 scrolls of remove curse
 l - 4 scrolls of identify
 m - a scroll of magic mapping
Potions
 q - a potion of invisibility
 s - a potion of agility
 t - a potion of curing
Comestibles
 c - 3 rations


   Skills:
 + Level 5.4(4.8) Fighting
 - Level 1.7(1.2) Axes
 - Level 5.0(4.4) Armour
 - Level 0.8(0.3) Dodging
 - Level 4.2(3.6) Invocations
   Level 2.3(1.8) Evocations


You had 6 spell levels left.
You didn't know any spells.
Your spell library was empty.

Dungeon Overview and Level Annotations

Branches:
Dungeon (5/15)             Temple (0/1) D:4

Altars:


Innate Abilities, Weirdness & Mutations

You have a pair of small antennae on your head.
You have very sharp fingernails.
You have sharp toenails.
A weak demonic guardian rushes to your aid.
You can translocate small distances at will.


Message History

You swap places.
The orc warrior barely misses you.
Your shadow imp closely misses the orc warrior.
The orc priest invokes the aid of Beogh against you.
Beogh smites you!
Your shadow imp closely misses the orc warrior.
You see here a falchion.
Your shadow imp gestures at the orc warrior.
The orc warrior struggles to resist.
You hit the orc. You claw the orc.
The orc is almost dead.
You hit the orc warrior but do no damage.
The orc warrior hits you with a flail of holy wrath!
You convulse!
The orc hits you with a mace.
* * * LOW HITPOINT WARNING * * *
You hit the orc but do no damage. You claw the orc.
You kill the orc!
Lugonu accepts your kill.
You hit the orc warrior but do no damage.
The orc warrior hits you with a flail of holy wrath!
You die...

#.# ###.......................
#.# ##########.############# #o#
...........# ### #.# #########.##
#.. #.# #.# #.# #.# ########.#
###♣♣≈P #.# .........# ## ♣≈≈♣≈P≈
###.##############..####≈♣♣≈≈♣P≈≈
#.........o<..5o@)..##≈♣♣PP≈P≈≈≈≈
#...#######.######5.#♣≈≈≈≈P≈≈≈≈≈≈
#...# #.........♣♣≈P♣≈≈≈≈≈≈≈≈
#...## ########>♣♣≈≈≈≈≈≈≈≈≈≈≈≈
#....## ######.≈≈≈♣≈≈≈P≈≈≈≈≈≈
#.....# ####......♣≈P≈≈≈≈P≈≈≈≈≈≈
.....## #..........♣≈≈≈≈P≈♣≈≈≈≈≈
#.#..# #.#...##.#.#≈♣P≈≈≈≈≈≈P≈≈
#.##.# #..........###♣P♣≈≈≈≈≈≈≈


You could see an orc warrior, an orc priest and 2 friendly shadow imps.

Vanquished Creatures
  Sigmund (D:3)
  A sky beast (D:5)
  A jelly (D:5)
  An orc priest (D:3)
  A hound (D:4)
  An iguana (D:4)
  2 worker ants (D:4)
  6 adders
  An ooze (D:1)
  An adder skeleton (D:5)
  2 leopard geckos
  12 orcs
  4 giant cockroaches
  10 goblins
  9 hobgoblins
  3 jackals (D:4)
  2 ball pythons (D:1)
  8 bats
  6 frilled lizards
  8 kobolds
  A leopard gecko skeleton (D:4)
  13 rats
94 creatures vanquished.

Vanquished Creatures (collateral kills)
  An ogre (D:5)
  2 orcs (D:4)
3 creatures vanquished.

Grand Total: 97 creatures vanquished

Notes
Turn   | Place    | Note
-------+----------+-------------------------------------------
     0 | Abyss:1  | tyranidshit the Demonspawn Abyssal Knight began the quest for the Orb.
     0 | Abyss:1  | Reached XP level 1. HP: 18/18 MP: 2/2
    82 | Abyss:1  | Noticed a harpy
    82 | Abyss:1  | Noticed a spatial vortex
    82 | Abyss:1  | Noticed a vampire bat
    82 | Abyss:1  | Noticed a spatial vortex
    82 | Abyss:1  | Noticed a wyvern
    82 | Abyss:1  | Noticed a fire bat
    82 | Abyss:1  | Noticed an efreet
    82 | Abyss:1  | Noticed a rakshasa
    83 | D:1      | Escaped the Abyss
    83 | D:1      | Noticed an orb of fire
    83 | D:1      | Noticed a tentacled monstrosity
    84 | D:1      | Noticed a large abomination
    86 | D:1      | Noticed an ice dragon
    90 | D:1      | Noticed a tentacled monstrosity
    92 | D:1      | Noticed an iron dragon
    96 | D:1      | Noticed a large abomination
    98 | D:1      | Noticed a tentacled monstrosity
    98 | D:1      | Noticed an ice dragon
   100 | D:1      | Noticed an ice dragon
   100 | D:1      | Noticed an ice dragon
   102 | D:1      | Noticed a shadow dragon
   102 | D:1      | Noticed an ice dragon
   104 | D:1      | Noticed a golden dragon
   123 | D:1      | Gained mutation: You have sharp toenails. [demonic ancestry]
   123 | D:1      | Reached XP level 2. HP: 3/24 MP: 3/3
   513 | D:1      | Reached * piety under Lugonu
   704 | D:1      | Gained mutation: You have sharp fingernails. [demonic ancestry]
   704 | D:1      | Reached XP level 3. HP: 30/30 MP: 4/4
  1403 | D:3      | Reached ** piety under Lugonu
  1403 | D:3      | Reached skill level 5 in Fighting
  1403 | D:3      | Reached XP level 4. HP: 15/39 MP: 5/5
  1661 | D:3      | Noticed Sigmund
  1664 | D:3      | Killed Sigmund
  1664 | D:3      | Gained mutation: A weak demonic guardian rushes to your aid. [demonic ancestry]
  1664 | D:3      | Reached XP level 5. HP: 34/44 MP: 5/8
  1664 | D:3      | Reached XP level 6. HP: 39/51 MP: 5/9
  2693 | D:4      | Found a staircase to the Ecumenical Temple.
  3258 | D:5      | Entered Level 5 of the Dungeon
  3522 | D:5      | Gained mutation: You have a pair of small antennae on your head. [demonic ancestry]
  3522 | D:5      | Reached XP level 7. HP: 38/56 MP: 10/10
  3602 | D:5      | Gained mutation: You have very sharp fingernails. [potion of mutation]
  3602 | D:5      | Gained mutation: You can translocate small distances at will. [potion of mutation]
  3685 | D:5      | Reached skill level 5 in Armour
  4032 | D:5      | Slain by an orc warrior

Skill      XL: |  1  2  3  4  5  6  7 |
---------------+----------------------+-----
Fighting       | 4 5 |  5.4
Armour         | 2 4 5 |  5.0
Invocations    | 4 |  4.2
Evocations     | 2 |  2.3
Axes           | |  1.7
Dodging        | |  0.8

Action                   |  1- 3 |  4- 6 |  7- 9 || total
-------------------------+-------+-------+-------++-------
Melee: Hand axe          |    92 |   142 |    14 ||   248
       Kick              |    17 |    31 |     5 ||    53
Invok: Depart the Abyss  |     1 |       |       ||     1
Evoke: Wand              |       |     3 |     2 ||     5
  Use: Scroll            |     7 |     2 |       ||     9
       Potion            |     4 |     3 |     2 ||     9
  Eat: Ration            |     1 |     2 |       ||     3
       Chunk             |     1 |       |       ||     1
Armor: Leather armour    |     9 |       |       ||     9
       Scale mail        |    26 |       |       ||    26
       Plate armour      |     9 |   137 |     9 ||   155
Dodge: Dodged            |    50 |    30 |     5 ||    85
